| TOP OF THE 1ST |
|
Charleston RiverDogs batting - Pitching for Beloit Snappers : RHP Carlos Alaniz
|
|
Pitching: RHP Carlos Alaniz
|
|
|
Batting: LHB Marc Durgin
|
0-0: Foul Ball, location: 2F 0-1: Fly out, F7 (Flyball, 7, EV 86.9 MPH)
|
|
Batting: LHB Jeremiah Walker
|
0-0: Called Strike 0-1: Swinging Strike 0-2: Ball 1-2: Hit by Pitch
|
|
Batting: RHB Iften Olujimi
|
0-0: Called Strike 0-1: Called Strike 0-2: Ball 1-2: Ball 2-2: Strikes out looking
|
|
Batting: LHB Ernesto Abreu
|
0-0: Ball 1-0: Ground out 4-3 (Groundball, 4, EV 107.5 MPH)
|
| Top of the 1st over - 0 runs, 0 hits, 0 errors, 1 left on base; Charleston 0 - Beloit 0 |
| BOTTOM OF THE 1ST |
|
Beloit Snappers batting - Pitching for Charleston RiverDogs : RHP Andrew Ray
|
|
Pitching: RHP Andrew Ray
|
|
|
Batting: RHB Manny Moron
|
0-0: Ball 1-0: Foul Ball, location: 2F 1-1: Swinging Strike 1-2: SOLO HOME RUN (Flyball, 78XD, EV 115.0 MPH), Distance : 421 ft
|
|
Batting: LHB Oscar Curiel
|
0-0: Fly out, F9 (Flyball, 9D, EV 101.9 MPH)
|
|
Batting: LHB Nate Melendez
|
0-0: Ball 1-0: SINGLE (Groundball, 4M, EV 108.1 MPH) (infield hit)
|
|
Batting: LHB Roscoe Romaine
|
Pickoff Throw to First - Out! 1-3 0-0: Ball 1-0: Ball 2-0: Called Strike 2-1: Ball 3-1: Ground out 4-3 (Groundball, 4, EV 93.1 MPH)
|
| Bottom of the 1st over - 1 run, 2 hits, 0 errors, 0 left on base; Charleston 0 - Beloit 1 |
| TOP OF THE 2ND |
|
Charleston RiverDogs batting - Pitching for Beloit Snappers : RHP Carlos Alaniz
|
|
Batting: RHB Mike Zern
|
0-0: Called Strike 0-1: Foul Ball, location: 2F 0-2: Strikes out swinging
|
|
Batting: LHB Joe Vida
|
0-0: Ball 1-0: Called Strike 1-1: Foul Ball, location: 2F 1-2: Strikes out looking
|
|
Batting: RHB Nate Singleton
|
0-0: Ball 1-0: Foul Ball, location: 2F 1-1: Foul Ball, location: 2F 1-2: Ball 2-2: Ball 3-2: Base on Balls
|
|
Batting: RHB Matt Alderson
|
0-0: Fielders Choice at 2nd, 6-4 (Groundball, 6, EV 84.4 MPH)
|
| Top of the 2nd over - 0 runs, 0 hits, 0 errors, 1 left on base; Charleston 0 - Beloit 1 |
| BOTTOM OF THE 2ND |
|
Beloit Snappers batting - Pitching for Charleston RiverDogs : RHP Andrew Ray
|
|
Batting: LHB Ed Talamantes
|
0-0: Called Strike 0-1: Called Strike 0-2: Foul Ball, location: 2F 0-2: Fly out, F4 (Line Drive, 34, EV 77.5 MPH)
|
|
Batting: RHB Rafael Alarcon
|
0-0: Ball 1-0: Called Strike 1-1: Called Strike 1-2: Ball 2-2: Ball 3-2: Ground out 4-3 (Groundball, 4, EV 86.9 MPH)
|
|
Batting: RHB Mike Gangi
|
0-0: Ground out 4-3 (Groundball, 4, EV 85.0 MPH)
|
| Bottom of the 2nd over - 0 runs, 0 hits, 0 errors, 0 left on base; Charleston 0 - Beloit 1 |
| TOP OF THE 3RD |
|
Charleston RiverDogs batting - Pitching for Beloit Snappers : RHP Carlos Alaniz
|
|
Batting: RHB Louwe Starmans
|
0-0: Called Strike 0-1: Ball 1-1: DOUBLE (Flyball, 89D, EV 110.0 MPH)
|
|
Batting: LHB Marc Durgin
|
0-0: Ball 1-0: Ball 2-0: Ball 3-0: Called Strike 3-1: Foul Ball, location: 2F 3-2: Base on Balls
|
|
Batting: LHB Jeremiah Walker
|
0-0: Ball 1-0: Ball 2-0: Grounds out, U3 (Groundball, 3L, EV 86.2 MPH) Louwe Starmans to third
|
|
Batting: RHB Iften Olujimi
|
0-0: Ground out 5-3 (Groundball, 56, EV 89.4 MPH) Louwe Starmans scores
|
|
Batting: LHB Ernesto Abreu
|
0-0: Ball 1-0: Ball 2-0: Foul Ball, location: 2F 2-1: Foul Ball, location: 2F 2-2: Ball 3-2: Ground out U3 (Groundball, 34S, EV 93.8 MPH)
|
| Top of the 3rd over - 1 run, 1 hit, 0 errors, 1 left on base; Charleston 1 - Beloit 1 |
| BOTTOM OF THE 3RD |
|
Beloit Snappers batting - Pitching for Charleston RiverDogs : RHP Andrew Ray
|
|
Batting: RHB Emiel Schlepers
|
0-0: Foul Ball, location: 2F 0-1: Ball 1-1: Foul Ball, location: 2F 1-2: Ball 2-2: Strikes out swinging
|
|
Batting: RHB Moses Brokken
|
0-0: DOUBLE (Line Drive, 89D, EV 115.0 MPH)
|
|
Batting: RHB Manny Moron
|
0-0: Ball 1-0: Foul Ball, location: 2F 1-1: Called Strike 1-2: Foul Ball, location: 2F 1-2: Foul Ball, location: 2F 1-2: 2-RUN HOME RUN (Flyball, 89XD, EV 96.9 MPH), Distance : 383 ft
|
|
Batting: LHB Oscar Curiel
|
0-0: Ball 1-0: Foul Ball, location: 2F 1-1: Ball 2-1: Foul Ball, location: 2F 2-2: Ball 3-2: Foul Ball, location: 2F 3-2: Foul Ball, location: 2F 3-2: SINGLE (Groundball, P, EV 93.8 MPH) (infield hit)
|
|
Batting: LHB Nate Melendez
|
0-0: Ball 1-0: Called Strike 1-1: TRIPLE (Line Drive, 8LXD, EV 108.8 MPH) Oscar Curiel scores
|
|
Batting: LHB Roscoe Romaine
|
0-0: Fly out, F9 (Flyball, 9LM, EV 85.6 MPH)
|
|
Batting: LHB Ed Talamantes
|
0-0: Ball 1-0: SINGLE (Groundball, 4MD, EV 108.1 MPH) Nate Melendez scores
|
|
Batting: RHB Rafael Alarcon
|
0-0: Ball 1-0: SINGLE (Flyball, 56D, EV 83.8 MPH) Ed Talamantes to second
|
|
Pitching: RHP Michel van Kampen
|
|
|
Batting: RHB Mike Gangi
|
0-0: Foul Ball, location: 2F 0-1: Foul Ball, location: 2F 0-2: Ball 1-2: Ball 2-2: Ball 3-2: Base on Balls Ed Talamantes to third Rafael Alarcon to second
|
|
Batting: RHB Emiel Schlepers
|
0-0: Ball 1-0: Ball 2-0: Ball 3-0: Base on Balls Ed Talamantes scores Rafael Alarcon to third Mike Gangi to second
|
|
Batting: RHB Moses Brokken
|
0-0: Foul Ball, location: 2F 0-1: Swinging Strike 0-2: Ball 1-2: Strikes out swinging
|
| Bottom of the 3rd over - 5 runs, 6 hits, 0 errors, 3 left on base; Charleston 1 - Beloit 6 |
| TOP OF THE 4TH |
|
Charleston RiverDogs batting - Pitching for Beloit Snappers : RHP Carlos Alaniz
|
|
Batting: RHB Mike Zern
|
0-0: Ball 1-0: Called Strike 1-1: Ball 2-1: Foul Ball, location: 2F 2-2: Ball 3-2: Base on Balls
|
|
Batting: LHB Joe Vida
|
0-0: Ball 1-0: Called Strike 1-1: Called Strike 1-2: Grounds into double play, 4-6-3 (Groundball, 4, EV 78.1 MPH)
|
|
Batting: RHB Nate Singleton
|
0-0: Called Strike 0-1: Ball 1-1: Swinging Strike 1-2: Strikes out swinging
|
| Top of the 4th over - 0 runs, 0 hits, 0 errors, 0 left on base; Charleston 1 - Beloit 6 |
| BOTTOM OF THE 4TH |
|
Beloit Snappers batting - Pitching for Charleston RiverDogs : RHP Michel van Kampen
|
|
Batting: RHB Manny Moron
|
0-0: Swinging Strike 0-1: Fly out, F8 (Flyball, 8LD, EV 100.0 MPH)
|
|
Batting: LHB Oscar Curiel
|
0-0: Swinging Strike 0-1: Ball 1-1: Called Strike 1-2: Strikes out swinging
|
|
Batting: LHB Nate Melendez
|
0-0: Swinging Strike 0-1: Called Strike 0-2: Fly out, F8 (Flyball, 8LM, EV 78.1 MPH)
|
| Bottom of the 4th over - 0 runs, 0 hits, 0 errors, 0 left on base; Charleston 1 - Beloit 6 |
| TOP OF THE 5TH |
|
Charleston RiverDogs batting - Pitching for Beloit Snappers : RHP Carlos Alaniz
|
|
Batting: RHB Matt Alderson
|
0-0: Ball 1-0: Ball 2-0: Called Strike 2-1: Called Strike 2-2: Strikes out looking
|
|
Batting: RHB Louwe Starmans
|
0-0: Foul Ball, location: 2F 0-1: Ball 1-1: Ball 2-1: Swinging Strike 2-2: Ball 3-2: Strikes out looking
|
|
Batting: LHB Marc Durgin
|
0-0: Ball 1-0: Ball 2-0: Foul Ball, location: 2F 2-1: Swinging Strike 2-2: Ball 3-2: Strikes out looking
|
| Top of the 5th over - 0 runs, 0 hits, 0 errors, 0 left on base; Charleston 1 - Beloit 6 |
| BOTTOM OF THE 5TH |
|
Beloit Snappers batting - Pitching for Charleston RiverDogs : RHP Michel van Kampen
|
|
Batting: LHB Roscoe Romaine
|
0-0: Ball 1-0: Called Strike 1-1: Ball 2-1: Foul Ball, location: 2F 2-2: Strikes out swinging
|
|
Batting: LHB Ed Talamantes
|
0-0: Called Strike 0-1: Swinging Strike 0-2: Ball 1-2: Ball 2-2: Foul Ball, location: 2F 2-2: Ball 3-2: DOUBLE (Groundball, 5L, EV 95.0 MPH)
|
|
Pitching: RHP Mike Pickens
|
|
|
Batting: RHB Rafael Alarcon
|
0-0: Ball 1-0: Ball 2-0: Swinging Strike 2-1: Called Strike 2-2: Fly out, F7 (Flyball, 7, EV 93.8 MPH)
|
|
Batting: RHB Mike Gangi
|
0-0: Ball 1-0: Swinging Strike 1-1: Swinging Strike 1-2: Ball 2-2: Strikes out swinging
|
| Bottom of the 5th over - 0 runs, 1 hit, 0 errors, 1 left on base; Charleston 1 - Beloit 6 |
| TOP OF THE 6TH |
|
Charleston RiverDogs batting - Pitching for Beloit Snappers : RHP Carlos Alaniz
|
|
Batting: LHB Jeremiah Walker
|
0-0: Swinging Strike 0-1: Swinging Strike 0-2: Ball 1-2: Ground out 1-3 (Groundball, 34S, EV 70.0 MPH)
|
|
Batting: RHB Iften Olujimi
|
0-0: Ground out 6-3 (Groundball, 56, EV 93.1 MPH)
|
|
Batting: LHB Ernesto Abreu
|
0-0: Ball 1-0: Called Strike 1-1: DOUBLE (Line Drive, 78D, EV 104.4 MPH)
|
|
Batting: RHB Mike Zern
|
0-0: Called Strike 0-1: SINGLE (Groundball, 56D, EV 97.5 MPH) Ernesto Abreu to third Runner from 3rd tries for Home, SAFE, throw by LF to home Mike Zern to second
|
|
Batting: LHB Joe Vida
|
0-0: Called Strike 0-1: Called Strike 0-2: SINGLE (Groundball, 56D, EV 105.0 MPH) Mike Zern to third Throwing error, E7 Mike Zern scores Joe Vida to second
|
|
Batting: RHB Nate Singleton
|
0-0: Foul Ball, location: 2F 0-1: SINGLE (Groundball, 6MD, EV 105.6 MPH) Joe Vida to third Runner from 3rd tries for Home, SAFE, throw by CF to home
|
|
Batting: RHB Matt Alderson
|
0-0: SINGLE (Groundball, 34S, EV 88.8 MPH) (infield hit) Nate Singleton to second
|
|
Batting: RHB Louwe Starmans
|
0-0: Called Strike 0-1: Foul Ball, location: 2F 0-2: Reached via error on a dropped throw from 3B, E3 (Groundball, 56, EV 101.2 MPH) Nate Singleton to third Matt Alderson to second
|
|
Batting: LHB Marc Durgin
|
0-0: Ball 1-0: Ball 2-0: Called Strike 2-1: Ball 3-1: Base on Balls Nate Singleton scores Matt Alderson to third Louwe Starmans to second
|
|
Pitching: RHP Jon Coakley
|
|
|
Batting: LHB Jeremiah Walker
|
0-0: Called Strike 0-1: Ball 1-1: Ball 2-1: Swinging Strike 2-2: Strikes out swinging
|
| Top of the 6th over - 4 runs, 5 hits, 2 errors, 3 left on base; Charleston 5 - Beloit 6 |
| BOTTOM OF THE 6TH |
|
Beloit Snappers batting - Pitching for Charleston RiverDogs : RHP Mike Pickens
|
|
Batting: RHB Emiel Schlepers
|
0-0: Ball 1-0: Swinging Strike 1-1: Ball 2-1: Called Strike 2-2: Foul Ball, location: 2F 2-2: Strikes out swinging
|
|
Batting: RHB Moses Brokken
|
0-0: Foul Ball, location: 2F 0-1: Ball 1-1: Foul Ball, location: 2F 1-2: Foul Ball, location: 2F 1-2: Strikes out swinging
|
|
Batting: RHB Manny Moron
|
0-0: Ball 1-0: Foul Ball, location: 2F 1-1: Called Strike 1-2: Foul Ball, location: 2F 1-2: Foul Ball, location: 2F 1-2: Strikes out swinging
|
| Bottom of the 6th over - 0 runs, 0 hits, 0 errors, 0 left on base; Charleston 5 - Beloit 6 |
| TOP OF THE 7TH |
|
Charleston RiverDogs batting - Pitching for Beloit Snappers : RHP Jon Coakley
|
|
Batting: RHB Iften Olujimi
|
0-0: Ball 1-0: Foul Ball, location: 2F 1-1: Ball 2-1: Ball 3-1: SINGLE (Groundball, 34D, EV 98.1 MPH)
|
|
Batting: LHB Ernesto Abreu
|
0-0: Swinging Strike 0-1: Ball 1-1: Ball 2-1: Swinging Strike 2-2: Fly out, F6 (Line Drive, 6, EV 71.9 MPH)
|
|
Batting: RHB Mike Zern
|
0-0: Foul Ball, location: 2F 0-1: Ball Passed Ball! Iften Olujimi to second 1-1: Called Strike 1-2: Ball 2-2: Ball 3-2: Base on Balls
|
|
Batting: LHB Joe Vida
|
0-0: Called Strike 0-1: Foul Ball, location: 2F 0-2: Ball 1-2: Strikes out swinging
|
|
Batting: RHB Nate Singleton
|
0-0: Swinging Strike 0-1: Swinging Strike 0-2: Strikes out swinging
|
| Top of the 7th over - 0 runs, 1 hit, 0 errors, 2 left on base; Charleston 5 - Beloit 6 |
| BOTTOM OF THE 7TH |
|
Beloit Snappers batting - Pitching for Charleston RiverDogs : RHP Mike Pickens
|
|
Batting: LHB Oscar Curiel
|
0-0: Ball 1-0: Ball 2-0: Ball 3-0: Base on Balls
|
|
Batting: LHB Nate Melendez
|
0-0: Ball 1-0: Called Strike 1-1: Ball 2-1: Fielders Choice at 2nd, 4-6 (Groundball, 4, EV 90.6 MPH)
|
|
Pitching: LHP Cory Musial
|
|
|
Batting: RHB Chris Temple
|
0-0: Fielders Choice at 2nd, 4-6 (Groundball, 34, EV 104.4 MPH)
|
|
Batting: LHB Ed Talamantes
|
0-0: Ball 1-0: Ground out 4-3 (Groundball, 4, EV 107.5 MPH)
|
| Bottom of the 7th over - 0 runs, 0 hits, 0 errors, 1 left on base; Charleston 5 - Beloit 6 |
| TOP OF THE 8TH |
|
Charleston RiverDogs batting - Pitching for Beloit Snappers : RHP Jon Coakley
|
|
Pitching: RHP Tony Contreras
|
|
|
Batting: RHB Matt Alderson
|
0-0: Called Strike 0-1: Ball 1-1: Ball 2-1: Ball 3-1: Base on Balls
|
|
Batting: RHB Louwe Starmans
|
0-0: Grounds into double play, 4-6-3 (Groundball, 4S, EV 88.1 MPH)
|
|
Batting: LHB Marc Durgin
|
0-0: Ball 1-0: Ball 2-0: Ball 3-0: Called Strike 3-1: Foul Ball, location: 2F 3-2: Foul Ball, location: 2F 3-2: Strikes out swinging
|
| Top of the 8th over - 0 runs, 0 hits, 0 errors, 0 left on base; Charleston 5 - Beloit 6 |
| BOTTOM OF THE 8TH |
|
Beloit Snappers batting - Pitching for Charleston RiverDogs : LHP Cory Musial
|
|
Batting: RHB Rafael Alarcon
|
0-0: Ball 1-0: Ball 2-0: Called Strike 2-1: Foul Ball, location: 2F 2-2: Strikes out swinging
|
|
Batting: RHB Mike Gangi
|
0-0: Foul Ball, location: 2F 0-1: Ball 1-1: Ball 2-1: Called Strike 2-2: Strikes out looking
|
|
Batting: RHB Emiel Schlepers
|
0-0: Called Strike 0-1: Ball 1-1: Called Strike 1-2: Ball 2-2: Foul Ball, location: 2F 2-2: Ball 3-2: Foul Ball, location: 2F 3-2: Strikes out looking
|
| Bottom of the 8th over - 0 runs, 0 hits, 0 errors, 0 left on base; Charleston 5 - Beloit 6 |
| TOP OF THE 9TH |
|
Charleston RiverDogs batting - Pitching for Beloit Snappers : RHP Tony Contreras
|
|
Pitching: LHP Cory Yeary
|
|
|
Batting: LHB Jeremiah Walker
|
0-0: Ball 1-0: Ball 2-0: Ball 3-0: Called Strike 3-1: Foul Ball, location: 2F 3-2: Base on Balls
|
|
Batting: RHB Iften Olujimi
|
0-0: Ball 1-0: Called Strike 1-1: Foul Ball, location: 2F 1-2: DOUBLE (Line Drive, 3D, EV 104.4 MPH) Jeremiah Walker to third
|
|
Pinch Hitting: SHB Tadaaki Kondo
|
0-0: Swinging Strike 0-1: Ball 1-1: Swinging Strike 1-2: Strikes out looking
|
|
Batting: RHB Mike Zern
|
0-0: Intentional Walk
|
|
Pinch Hitting: RHB Bryan Massey
|
0-0: Ball 1-0: Foul Ball, location: 2F 1-1: Ball 2-1: Called Strike 2-2: Ball 3-2: Strikes out swinging
|
|
Batting: RHB Nate Singleton
|
0-0: Foul Ball, location: 2F 0-1: Ball Wild Pitch! Jeremiah Walker scores Iften Olujimi to third Mike Zern to second 1-1: Foul Ball, location: 2F 1-2: Foul Ball, location: 2F 1-2: Strikes out looking
|
| Top of the 9th over - 1 run, 1 hit, 0 errors, 2 left on base; Charleston 6 - Beloit 6 |
| BOTTOM OF THE 9TH |
|
Beloit Snappers batting - Pitching for Charleston RiverDogs : LHP Cory Musial
|
|
Pitching: RHP Khayyat bin Faruq
|
|
|
Now in LF: John Sprenkel
|
|
|
Now in RF: Bill Nguyen-Tan
|
|
|
Batting: RHB Moses Brokken
|
0-0: Ball 1-0: Ground out 6-3 (Groundball, 56, EV 85.6 MPH)
|
|
Batting: RHB Manny Moron
|
0-0: Ball 1-0: Ball 2-0: Foul Ball, location: 2F 2-1: Ball 3-1: Base on Balls
|
|
Batting: LHB Oscar Curiel
|
Balk! Manny Moron to second 0-0: Ball 1-0: Foul Ball, location: 2F 1-1: Called Strike 1-2: Ball 2-2: Foul Ball, location: 2F 2-2: Fly out, F4 (Line Drive, 4, EV 68.8 MPH)
|
|
Batting: LHB Nate Melendez
|
0-0: Ball 1-0: Ball 2-0: Ball 3-0: Base on Balls
|
|
Batting: RHB Chris Temple
|
0-0: Ball 1-0: Ball Wild Pitch! Manny Moron to third Nate Melendez to second 2-0: Called Strike 2-1: Fly out, F8 (Flyball, 8RM, EV 83.1 MPH)
|
| Bottom of the 9th over - 0 runs, 0 hits, 0 errors, 2 left on base; Charleston 6 - Beloit 6 |
| TOP OF THE 10TH |
|
Charleston RiverDogs batting - Pitching for Beloit Snappers : LHP Cory Yeary
|
|
Pitching: RHP Marvin Rosas
|
|
|
Pinch Hitting: LHB Dale Anderson
|
0-0: Ball 1-0: Foul Ball, location: 2F 1-1: Foul Ball, location: 2F 1-2: Foul Ball, location: 2F 1-2: Strikes out swinging
|
|
Pinch Hitting: RHB Francisco Vargas
|
0-0: Called Strike 0-1: Swinging Strike 0-2: Foul Ball, location: 2F 0-2: Ball 1-2: Strikes out swinging, 2-3 out at first.
|
|
Batting: LHB Marc Durgin
|
0-0: Ball 1-0: Ball 2-0: Ground out 5-3 (Groundball, 5, EV 86.9 MPH)
|
| Top of the 10th over - 0 runs, 0 hits, 0 errors, 0 left on base; Charleston 6 - Beloit 6 |
| BOTTOM OF THE 10TH |
|
Beloit Snappers batting - Pitching for Charleston RiverDogs : RHP Khayyat bin Faruq
|
|
Now at C: Bobby White
|
|
|
Now at 3B: Gonçalo Burhil
|
|
|
Batting: LHB Ed Talamantes
|
0-0: Called Strike 0-1: Foul Ball, location: 2F 0-2: Ball 1-2: Ball 2-2: Ball 3-2: Strikes out looking
|
|
Batting: RHB Rafael Alarcon
|
0-0: Swinging Strike 0-1: Ball 1-1: Called Strike 1-2: Strikes out swinging
|
|
Batting: RHB Mike Gangi
|
0-0: Ball 1-0: Ball 2-0: Ground out 4-3 (Groundball, 4S, EV 88.1 MPH)
|
| Bottom of the 10th over - 0 runs, 0 hits, 0 errors, 0 left on base; Charleston 6 - Beloit 6 |
| TOP OF THE 11TH |
|
Charleston RiverDogs batting - Pitching for Beloit Snappers : RHP Marvin Rosas
|
|
Batting: LHB Jeremiah Walker
|
0-0: Called Strike 0-1: Swinging Strike 0-2: Ball 1-2: Ball 2-2: Foul Ball, location: 2F 2-2: Ball 3-2: Foul Ball, location: 2F 3-2: Foul Ball, location: 2F 3-2: Foul Ball, location: 2F 3-2: Foul Ball, location: 2F 3-2: SINGLE (Groundball, 25, EV 62.5 MPH) (infield hit)
|
|
Pitching: LHP Andy Silveira
|
|
|
Batting: RHB Iften Olujimi
|
0-0: Ball 1-0: Ball 2-0: Ball 3-0: Base on Balls Jeremiah Walker to second
|
|
Pinch Runner at 2nd Graham Murphy:
|
|
|
Batting: RHB Bill Nguyen-Tan
|
0-0: Called Strike 0-1: Ball 1-1: Ball 2-1: Foul Ball, location: 2F 2-2: Fly out, F7 (Flyball, 7D, EV 87.5 MPH) Runner from 2nd tags up, SAFE at 3rd, no throw by LF
|
|
Batting: RHB Mike Zern
|
0-0: Ball Balk! Graham Murphy scores Iften Olujimi to second 1-0: Intentional Walk
|
|
Batting: RHB John Sprenkel
|
0-0: Ball 1-0: Fielders Choice at 2nd, 6-4 (Groundball, 6, EV 80.0 MPH) Iften Olujimi to third
|
|
Batting: RHB Nate Singleton
|
0-0: Called Strike 0-1: Ball 1-1: Ball 2-1: Ball 3-1: Base on Balls John Sprenkel to second
|
|
Batting: RHB Gonçalo Burhil
|
0-0: Ball 1-0: Swinging Strike 1-1: Ball 2-1: Fielders Choice at 2nd, 6-4 (Groundball, 6, EV 100.6 MPH)
|
| Top of the 11th over - 1 run, 1 hit, 0 errors, 3 left on base; Charleston 7 - Beloit 6 |
| BOTTOM OF THE 11TH |
|
Beloit Snappers batting - Pitching for Charleston RiverDogs : RHP Khayyat bin Faruq
|
|
Batting: RHB Emiel Schlepers
|
0-0: Swinging Strike 0-1: Ball 1-1: Called Strike 1-2: Foul Ball, location: 2F 1-2: Foul Ball, location: 2F 1-2: Strikes out looking
|
|
Batting: RHB Moses Brokken
|
0-0: Called Strike 0-1: Ball 1-1: Called Strike 1-2: Strikes out swinging
|
|
Batting: RHB Manny Moron
|
0-0: Called Strike 0-1: Foul Ball, location: 2F 0-2: Strikes out looking
|
| Bottom of the 11th over - 0 runs, 0 hits, 0 errors, 0 left on base; Charleston 7 - Beloit 6 |
|